 Dungeon Crawl Stone Soup version 0.29.0-4-gdea44cf6ec (webtiles) character file.

Game seed: 18192516244503469919

18 qw the Chopper (level 2, -1/17 HPs)
             Began as a Tengu Warper on Aug 28, 2022.
             Slain by a gnoll
             ... wielding a +0 whip
              (2 damage)
             ... on level 1 of the Dungeon.
             The game lasted 00:00:05 (1785 turns).

qw the Chopper (Tengu Warper)                       Turns: 1785, Time: 00:00:05

Health: -1/17      AC:  6    Str: 11    XL:     2   Next: 66%
Magic:  6/6        EV: 10    Int: 13    God:
Gold:   37         SH:  0    Dex: 13    Spells: 5/5 levels left

rFire   . . .      SeeInvis .   Y - +0 hand axe
rCold   . . .      Faith    .   (no shield)
rNeg    . . .      Spirit   .   d - +0 ring mail
rPois   .          Reflect  .   (helmet restricted)
rElec   .          Harm     .   (no cloak)
rCorr   .          Rampage  .   j - +0 pair of gloves
Will    .....                   (boots unavailable)
Stlth   +.........              (no amulet)
HPRegen 0.05/turn               (no ring)
MPRegen 0.10/turn               (no ring)

@: no status effects
A: beak, talons 3
a: no special abilities


You were on level 1 of the Dungeon.
You visited 1 branch of the dungeon, and saw 2 of its levels.

You collected 37 gold pieces.


Innate Abilities, Weirdness & Mutations

You have a beak for a mouth.
You have claws for feet.


   Skills:
 - Level 2.0 Fighting
 + Level 3.5 Axes
 - Level 1.0 Throwing
 - Level 1.1 Armour
 - Level 2.1 Dodging
 - Level 2.0 Spellcasting
 - Level 2.4 Translocations


You had 5 spell levels left.
You didn't know any spells.
Your spell library contained the following spells:

 Spells                   Type           Power      Damage    Failure   Level
 Blink                    Tloc           14%        N/A       34%         2
 Gell's Gravitas          Tloc           7%         N/A       56%         3
 Lesser Beckoning         Tloc           7%         N/A       56%         3
 Teleport Other           Tloc           7%         N/A       56%         3
 Manifold Assault         Tloc           7%         N/A       99%         5

Inventory:

Hand Weapons
 Y - a +0 hand axe (weapon)
Armour
 d - a +0 ring mail (worn)
 j - a +0 pair of gloves (worn)
Potions
 e - a potion of invisibility {unknown}
 g - a potion of haste {unknown}

Dungeon Overview and Level Annotations

Branches:
Dungeon (2/15)

Altars:


Message History

Found 6 stones.
Found a stone staircase leading down.
There is a stone staircase leading up here.
There are monsters nearby!
Existing waypoints: (2) D:1 Assign waypoint to what number? (0-9, D - delete waypoint) Waypoint 1 assigned to D:2.
Enter note: A gnoll comes into view. It is wielding a +0 whip.
The gnoll shouts!
A gnoll comes into view. It is wielding a +0 club.
The gnoll shouts!
1778 ||| STAIRDANCE The gnoll closely misses you.
You climb upwards.
There is a stone staircase leading down here.
You barely miss the gnoll. You closely miss the gnoll.
The gnoll hits you with a +0 whip. x2
You hit the gnoll but do no damage. You claw the gnoll.
The gnoll is moderately wounded.
You hit the gnoll but do no damage. The gnoll closely misses you.
The gnoll hits you with a +0 whip.
You hit the gnoll but do no damage. You claw the gnoll.
Your peck misses the gnoll.
The gnoll is heavily wounded.
You hit the gnoll. The gnoll closely misses you. The gnoll barely misses you.
You barely miss the gnoll. Your kick misses the gnoll.
The gnoll is heavily wounded.
You hit the gnoll. The gnoll barely misses you.
The gnoll hits you with a +0 whip.
You barely miss the gnoll. You claw the gnoll.
The gnoll is almost dead.
You hit the gnoll. The gnoll hits you with a +0 whip.
The gnoll closely misses you.
You closely miss the gnoll. Your kick misses the gnoll.
The gnoll is almost dead.
You hit the gnoll but do no damage. The gnoll hits you with a +0 whip. x2
You die...

### ##.## #...##
.....###########
...............#
.....##...####.#####
#...###...####.#...#
##.##.......##...g.######
#.##.......##..@g......# ###
#.##.......##.##.#####.####.####
##.###.........##.# #....%.....
...###....#.#####.## ####%#.....
##)##...###........# #.....##.#
#.#..#..##..####..#####.#.###.##
#...###.....# #...............#
##.#..#..###.# #.######.###.#..#
...##...####.####.######.#
###..#


You could see 2 gnolls.

Vanquished Creatures
  3 bats (D:1)
  An endoplasm (D:1)
  A giant cockroach (D:1)
  2 goblins (D:1)
  2 hobgoblins (D:1)
  A quokka (D:1)
  2 frilled lizards (D:1)
  2 kobolds (D:1)
  2 rats (D:1)
16 creatures vanquished.

Notes
Turn   | Place    | Note
-------+----------+-------------------------------------------
     0 | D:1      | qw the Tengu Warper began the quest for the Orb.
     0 | D:1      | Reached XP level 1. HP: 12/12 MP: 4/4
     0 | D:1      | 0 ||| qw: Version: 0.1-a-89-g26bdef1
     0 | D:1      | 0 ||| qw: Game counter: 2613
     0 | D:1      | 0 ||| qw: Always use a shield: true
     0 | D:1      | 0 ||| qw: God list: Okawaru
     0 | D:1      | 0 ||| qw: Allow faded altars: false
     0 | D:1      | 0 ||| qw: Do Orc after D:15 true
     0 | D:1      | 0 ||| qw: Do second Lair branch before Depths: true
     0 | D:1      | 0 ||| qw: Lair rune preference: random
     0 | D:1      | 0 ||| qw: Plans: Normal
     0 | D:1      | 0 ||| PLANNING D:1-11
   383 | D:1      | Reached XP level 2. HP: 9/17 MP: 6/6
   544 | D:1      | 544 ||| Stepping ~*~*~tactically~*~*~ (stealth).
   553 | D:1      | Reached skill level 3 in Axes
  1143 | D:1      | Found a faded altar of an unknown god.
  1499 | D:1      | 1499 ||| UPGRADING to +0 ring mail.
  1509 | D:1      | 1509 ||| DROPPING +0 leather armour.
  1510 | D:1      | 1510 ||| UPGRADING to +0 pair of gloves.
  1515 | D:1      | 1515 ||| READING 2 scrolls labelled LOS NUARHU.
  1516 | D:1      | 1516 ||| READING scroll labelled AZEVVE FEDEAP.
  1517 | D:1      | 1517 ||| READING scroll labelled BADAIR JUSOUXE.
  1518 | D:1      | 1518 ||| DROPPING scroll of magic mapping.
  1519 | D:1      | 1519 ||| DROPPING scroll of blinking.
  1520 | D:1      | 1520 ||| Stepping randomly (stuck).
  1521 | D:1      | 1521 ||| Stepping ~*~*~tactically~*~*~ (cloud).
  1778 | D:2      | 1778 ||| STAIRDANCE
  1784 | D:1      | HP: 2/17 [gnoll/+0 whip (4)]
  1785 | D:1      | Slain by a gnoll

Levels and vault maps discovered:
D:1:      saegor_arrival_simple_d, layout_loops_ring, basic_ecumenical_altar
D:2:      layout_basic, basic_altar, uniq_terence

Skill      XL: |  1  2 |
---------------+-------+-----
Axes           | 3 |  3.5
Fighting       | |  2.0
Throwing       | |  1.0
Armour         | |  1.1
Dodging        | |  2.1
Spellcasting   | |  2.0
Translocations | |  2.4

Action                   || total
-------------------------++-------
Melee: Hand axe          ||    54
       Kick              ||    11
       Peck              ||     4
       Punch             ||     1
Throw: Boomerang         ||     7
  Use: Scroll            ||     3
Armor: Leather armour    ||    12
Dodge: Dodged            ||    26

Table legend:
 A = Non-vault XP
 B = Vault XP
 C = Vault XP percentage of total XP
 D = Non-vault monster count
 E = Vault monster count
 F = Vault count percentage of total count
                 A         B        C        D         E       F
            +---------+---------+-------+---------+---------+-------
      Total |      26 |       0 |   0.0 |      16 |       0 |   0.0
            +---------+---------+-------+---------+---------+-------
        D:1 |      26 |       0 |   0.0 |      16 |       0 |   0.0
            +---------+---------+-------+---------+---------+-------
